 Dungeon Crawl Stone Soup version 0.30-a0-373-gd37427bb62 (webtiles) character file.

Game seed: 8885175311387488613

200 mopl the Insei (level 6, -5/42 HPs)
             Began as a Djinni Transmuter on Nov 23, 2022.
             Splashed by a jelly's acid (8 damage)
             ... on level 4 of the Dungeon on Nov 24, 2022.
             The game lasted 00:03:41 (2797 turns).

mopl the Insei (Djinni Transmuter)                  Turns: 2797, Time: 00:03:41

Health: -5/42      AC:  2    Str: 11    XL:     6   Next: 7%
Gold:   295        EV: 12    Int: 14    God:
                   SH:  0    Dex: 14

rFire   + + .      SeeInvis .      - Unarmed
rCold   x . .      Faith    .    (no shield)
rNeg    . . .      Spirit   .    a - +0 robe
rPois   ∞          Reflect  .    (helmet currently unavailable)
rElec   .          Harm     .    (no cloak)
rCorr   .          Rampage  .    (no gloves)
Will    .....                    (boots unavailable)
Stlth   +.........               (no amulet)
HPRegen 0.27/turn                (no ring)
MPRegen 0.00/turn                (no ring)

@: appendages, wereblooded, flying
A: horns 2, flying, sickness immunity, fire resistance 2, cold vulnerability 1,
float, innate caster, HP casting, extra vitality 1
a: End Transformation


You were on level 4 of the Dungeon.
You had temporarily grown beastly horns.
You visited 1 branch of the dungeon, and saw 4 of its levels.

You collected 295 gold pieces.

Inventory:

Missiles
 e - 4 poisoned darts
 m - 3 javelins
Armour
 a - a +0 robe (worn)
Magical Staves
 l - a staff of death
Wands
 q - a wand of charming (11)
Scrolls
 d - a scroll of poison {unknown}
 f - a scroll of brand weapon {unknown}
 j - a scroll of enchant weapon {unknown}
 n - a scroll of identify
 o - a scroll of immolation {unknown}
Potions
 b - 2 potions of lignification {!q}
 c - a potion of brilliance {unknown}
 g - a potion of heal wounds
 h - a potion of resistance {unknown}
 i - 2 potions of berserk rage {unknown}
 k - 3 potions of curing {unknown}
 p - a potion of degeneration {unknown}
 r - a potion of might {unknown}


   Skills:
 - Level 1.0 Fighting
 - Level 2.1 Dodging
 * Level 5.4 Unarmed Combat
 + Level 2.8 Spellcasting


You couldn't memorise any spells.
You knew the following spells:

 Your Spells              Type           Power      Damage    Failure   Level
a - Beastly Appendage     Tmut           18%        N/A       7%          1
b - Spider Form           Tmut/Pois      9%         N/A       21%         3
c - Freeze                Ice            36%        1d5       7%          1
d - Ice Form              Ice/Tmut       9%         N/A       56%         4
e - Blink                 Tloc           18%        N/A       11%         2
w - Wereblood             Tmut           9%         N/A       11%         2
Your spell library was empty.

Dungeon Overview and Level Annotations

Branches:
Dungeon (4/15)
 Temple: D:4-7

Altars:
Hepliaklqana
The Shining One

Shops:
D:4 =[


Innate Abilities, Weirdness & Mutations

You have temporarily grown beastly horns.
You are flying.
You are immune to sickness and miasma.
You are immune to poison.
Your flesh is very heat resistant. (rF++)
You are vulnerable to cold. (rC-)
You float through the air rather than walking.
You learn spells naturally, not from books.
Your magical power is your life essence.
You have superior vitality. (+4 MHP)


Message History

You feel a bit better.
You kill the hobgoblin!
The gnoll hits you from afar with a +0 spear.
The gnoll misses you.
You hit the gnoll.
The gnoll is poisoned.
The gnoll is moderately wounded.
The gnoll barely misses you.
You hit the gnoll.
The gnoll looks as sick as possible!
The gnoll is severely wounded.
The gnoll hits you with a +0 spear.
You hit the gnoll but do no damage.
The gnoll looks as sick as possible!
The gnoll is severely wounded.
You hit the gnoll.
The gnoll is almost dead.
Your transformation has ended.
Your +0 robe unmelds from your body.
You feel a bit better.
You kill the gnoll!
Casting: Wereblood (safe; 11% risk of failure)
Confirm with . or Enter, or press ? or * to list all spells.
You grow a pair of large bovine horns.
The jelly hits you.
You are splashed with acid!
* * * LOW HITPOINT WARNING * * *
The gnoll hits you but does no damage.
Unknown command.
You punch the jelly!
Your hands burn!
* * * LOW HITPOINT WARNING * * *
The jelly is heavily wounded.
The jelly completely misses you.
The gnoll hits you from afar with a +0 spear.
* * * LOW HITPOINT WARNING * * *
Unknown command.
Aiming: Charm
Press: ? - help, Shift-Dir - straight line, f - jelly
Aim: a jelly (heavily wounded, chance to affect: 57%)
The jelly resists with significant effort.
You howl as the wereblood boils in your veins!
The jelly hits you.
* * * LOW HITPOINT WARNING * * *
You are splashed with acid!
You die...

# # .. ####### # ...
###.....# ... # ....
#.......# #....## .....
#.......###....##
......###..............##
.....ggJ@............>.##
......#####............##
..... ##........#..##
.... ###............. ...
#............... ..
.................. .
..........##......
..........####+#..
#.........+.......


You could see a jelly and 2 gnolls.

Vanquished Creatures
  A scorpion (D:4)
  A hound (D:4)
  3 adders
  A gnoll (D:4)
  5 dart slugs
  8 ball pythons
  2 bats
  5 endoplasms
  4 giant cockroaches
  10 goblins
  7 hobgoblins
  3 quokkas
  A frilled lizard (D:3)
  6 kobolds
  2 rats
59 creatures vanquished.

Notes
Turn   | Place    | Note
-------+----------+-------------------------------------------
     0 | D:1      | mopl the Djinni Transmuter began the quest for the Orb.
     0 | D:1      | mopl set off with the following spells memorised: Beastly
                  | Appendage, Wereblood, Spider Form, Ice Form.
     0 | D:1      | Reached XP level 1. HP: 17/17 MP: 0/0
   106 | D:1      | Reached XP level 2. HP: 10/22 MP: 0/0
   432 | D:1      | Reached XP level 3. HP: 27/27 MP: 0/0
   432 | D:1      | Learned a level 1 spell: Freeze
   455 | D:1      | Reached skill level 2 in Spellcasting
   526 | D:1      | Found a faded altar of an unknown god.
   765 | D:1      | Reached skill level 4 in Unarmed Combat
  1332 | D:2      | Reached XP level 4. HP: 30/32 MP: 0/0
  1704 | D:3      | Found a glowing golden altar of the Shining One.
  2330 | D:4      | Found Ustruit's Antique Armour Emporium.
  2335 | D:4      | Noticed a scorpion
  2347 | D:4      | Killed a scorpion
  2348 | D:4      | Reached XP level 5. HP: 21/37 MP: 0/0
  2348 | D:4      | Learned a level 2 spell: Blink
  2415 | D:4      | Found Zoigrium's Jewellery Emporium.
  2435 | D:4      | Reached skill level 5 in Unarmed Combat
  2446 | D:4      | Noticed a black bear
  2676 | D:4      | Found a hazy altar of Hepliaklqana.
  2716 | D:4      | Reached XP level 6. HP: 35/42 MP: 0/0
  2797 | D:4      | Splashed by a jelly's acid

Illustrated notes

Levels and vault maps discovered:
D:1:      saegor_arrival_fortress, layout_basic,
          hellmonk_ecumenical_altar_zigzags, minmay_cupped
D:2:      layout_basic
D:3:      layout_loops_cross, nicolae_sif_muna_little_library,
          nicolae_tso_carved_into_rock, kennysheep_generic_room_8
D:4:      cheibrodos_pilgrimage, layout_basic, mainiacjoe_overflow_boulevard,
          serial_shops, shop_statue, nicolae_shop_statue_plus, shop,
          nicolae_shop_stone, nicolae_stop_n_shop_2, serial_park_tiny_pond,
          palyth_stone_intersect

Skill      XL: |  1  2  3  4  5 |
---------------+----------------+-----
Spellcasting   | 2 |  2.8
Unarmed Combat | 4 5 |  5.4
Fighting       | |  1.0
Dodging        | |  2.1

Action                   |  1- 3 |  4- 6 || total
-------------------------+-------+-------++-------
Melee: Unarmed           |   111 |    95 ||   206
       Headbutt          |    12 |     4 ||    16
       Punch             |     3 |     3 ||     6
 Cast: Beastly Appendage |    13 |    15 ||    28
       Wereblood         |     1 |     1 ||     2
       Spider Form       |       |     2 ||     2
Evoke: Wand              |       |     1 ||     1
  Use: Scroll            |     2 |       ||     2
 Stab: Sleeping          |       |     3 ||     3
Armor: Robe              |     9 |    13 ||    22
       Skin              |       |     1 ||     1
Dodge: Dodged            |    68 |    60 ||   128

Table legend: (Time is in decaauts)
 A = Elapsed time spent in this place.
 B = Non-inter-level travel time spent in this place.
 C = Inter-level travel time spent in this place.
 D = Time resting spent in this place.
 E = Time spent auto-exploring this place.
 F = Levels seen in this place.
 G = Mean time per level.
                   A        B        C        D        E       F      G
               +--------+--------+--------+--------+--------+-----+--------+
         Total |   2780 |   2725 |     55 |    442 |   1837 |   4 |  695.0 |
       Dungeon |   2780 |   2725 |     55 |    442 |   1837 |   4 |  695.0 |
               +--------+--------+--------+--------+--------+-----+--------+

Top non-repeatable levels by time:
     D:1: 1212 daAuts
     D:3: 807 daAuts
     D:2: 390 daAuts
     D:4: 369 daAuts
